Map: White Rabbit LE

Players

HeroMarine

  • Race: Terran Terran
  • Spawn Location: 7:00

Krystianer - Winner!

  • Race: Protoss Protoss
  • League: Grandmaster
  • Spawn Location: 1:00

VOD

Have the link to the VOD?

Description

Time

  • Played on: Jan. 31, 2026, 8:29 a.m.
  • Length: 18:32
Show
View Real Time Build Order
Export as new Build Order

HeroMarine Terran 

Build Orders: 1/1/1 

Get SALT Encoding   

  12  0:00  SCV  
  13  0:12  SCV  
  14  0:16  Supply Depot  
  14  0:24  SCV  
  15  0:38  SCV  
  15  0:40  Barracks  
  15  0:42  Refinery  
  16  0:50  SCV  
  16  0:52  Refinery  
  17  1:02  SCV  
  18  1:14  SCV  
  19  1:26  Reaper  
  19  1:27  Orbital Command  
  20  1:40  Factory  
  20  1:48  Supply Depot  
  20  1:52  SCV  
  22  2:04  SCV  
  23  2:14  Command Center  
  23  2:16  SCV  
  23  2:24  Starport  
  23  2:27  Widow Mine  
  25  2:30  Barracks Reactor  
  25  2:33  SCV  
  26  2:38  Supply Depot  
  26  2:45  SCV  
  26  2:49  Widow Mine  
  29  2:57  SCV  
  30  3:02  Medivac  
  32  3:06  Marine  
  32  3:07  Marine  
  32  3:09  SCV  
  32  3:10  Widow Mine  
  37  3:21  SCV  
  37  3:26  Marine  
  37  3:27  Marine, Orbital Command  
  39  3:32  Factory Tech Lab, Starport Tech Lab  
  39  3:33  SCV  
  41  3:36  Barracks  
  41  3:45  SCV  
  44  3:50  Supply Depot  
  44  3:51  Siege Tank  
  45  3:56  SCV  
  45  3:57  SCV  
  45  3:59  Marine x2  
  49  4:08  SCV  
  49  4:09  SCV  
  51  4:17  Marine x2  
  51  4:20  SCV  
  51  4:22  SCV  
  55  4:28  Siege Tank  
  56  4:32  SCV  
  56  4:34  SCV, Supply Depot, Stimpack  
  56  4:35  Bunker  
  56  4:37  Barracks  
  58  4:38  Marine  
  58  4:39  Marine  
  58  4:44  SCV  
  62  4:49  SCV, Refinery  
  62  4:50  Engineering Bay  
  62  4:56  SCV  
  62  4:57  Supply Depot, Marine x2  
  62  4:58  Marauder  
  67  5:00  Siege Tank  
  67  5:02  Supply Depot  
  70  5:18  Terran Infantry Weapons Level 1, Supply Depot, SCV x2  
  72  5:21  Marine x2  
  72  5:22  Marauder  
  72  5:23  Refinery  
  74  5:30  SCV x2  
  74  5:31  Starport Reactor  
  75  5:42  Supply Depot, Marauder, Marine x2  
  77  5:43  SCV x2, Marauder  
  82  5:52  Combat Shield, Factory Reactor  
  82  5:55  SCV x2  
  84  6:00  Marine x2  
  84  6:03  Marauder  
  88  6:04  Marauder  
  88  6:07  SCV  
  88  6:08  Command Center  
  91  6:12  Medivac x2  
  95  6:19  Marine x2  
  95  6:25  Supply Depot, Marauder  
  99  6:26  Marauder  
  99  6:27  SCV  
  99  6:31  SCV  
  100  6:37  Marine x2  
  100  6:39  SCV  
  100  6:40  Widow Mine  
  100  6:42  Widow Mine  
  100  6:45  Concussive Shells  
  100  6:46  Medivac, SCV, Marauder  
  106  6:47  Marauder  
  106  6:48  Medivac  
  106  6:52  Barracks  
  106  6:53  Barracks  
  110  6:58  Supply Depot  
  110  7:04  Supply Depot  
  110  7:12  Terran Infantry Armor Level 1  
  110  7:19  Marine x2  
  110  7:20  Medivac x2, SCV x2, Marauder x2, Orbital Command  
  122  7:29  Widow Mine  
  124  7:31  Widow Mine  
  124  7:34  SCV  
  124  7:35  SCV  
  126  7:37  Marine  
  126  7:42  Marauder x2  
  117  7:46  SCV  
  117  7:47  SCV  
  98  7:59  Orbital Command  
  98  8:01  Marine  
  98  8:03  Marauder x2  
  98  8:04  Barracks Tech Lab  
  98  8:05  Viking x2  
  93  8:06  Marine  
  93  8:09  Factory Tech Lab  
  96  8:15  Marine  
  96  8:16  Marine  
  96  8:19  Marine  
  97  8:20  SCV x2  
  97  8:24  Marauder x3, Marine  
  106  8:28  SCV  
  106  8:31  Siege Tank, Missile Turret  
  111  8:36  Marine x2  
  115  8:45  Viking x2, Marauder  
  115  8:46  Marauder x2  
  115  8:47  SCV x3, Refinery  
  125  8:49  Refinery  
  125  9:01  Marine  
  125  9:02  Marine, Engineering Bay, Armory  
  127  9:05  Marine  
  127  9:07  Marauder x3  
  134  9:10  Missile Turret  
  134  9:11  Marine  
  134  9:13  Siege Tank  
  138  9:18  Sensor Tower  
  138  9:19  Viking, Marine  
  138  9:22  Viking  
  140  9:33  Marauder  
  140  9:36  Marauder x2  
  141  9:47  Command Center  
  141  9:50  SCV  
  141  9:51  Viking  
  141  9:52  Viking  
  136  9:54  Marauder  
  136  9:57  Marauder x2  
  136  9:58  Marine  
  136  9:59  Marine x2  
  133  10:06  Marine  
  119  10:16  Marauder, Marine x2  
  119  10:17  Marine  
  119  10:18  Marauder  
  119  10:19  Marauder  
  119  10:20  Terran Infantry Weapons Level 2  
  118  10:23  Siege Tank  
  118  10:24  Marine  
  118  10:25  Medivac x2  
  118  10:28  Terran Infantry Armor Level 2  
  126  10:29  Terran Ship Weapons Level 1  
  125  10:37  Marauder  
  125  10:40  Marauder x2  
  125  10:41  Marine x3  
  125  10:42  Marine  
  135  10:45  Bunker  
  135  10:49  Supply Depot x2  
  135  10:50  Supply Depot  
  135  10:52  Missile Turret  
  135  10:56  Missile Turret  
  135  10:57  Siege Tank, Viking  
  135  10:59  Viking, Marauder, Ghost Academy  
  135  11:01  Marauder  
  135  11:03  SCV x2  
  149  11:04  SCV  
  149  11:15  SCV x2  
  149  11:16  Marine x5, SCV  
  157  11:22  Planetary Fortress  
  157  11:30  Sensor Tower, Ghost  
  158  11:36  SCV x2  
  158  11:37  SCV  
  151  11:40  Viking x2  
  151  11:41  Siege Tank  
  151  11:44  Ghost x2  
  162  11:48  SCV  
  162  11:50  Marine x2  
  162  11:51  Marine  
  162  11:52  Marine  
  161  11:59  Ghost  
  160  12:05  SCV x2  
  160  12:06  SCV, Refinery x2  
  160  12:08  Marine, SCV  
  165  12:10  Viking x2  
  165  12:13  Marauder x2  
  173  12:17  SCV  
  166  12:27  Marine x2  
  166  12:28  Marauder, Siege Tank  
  166  12:29  Marine  
  166  12:30  Marine  
  166  12:35  Marauder x2  
  172  12:40  Medivac x2  
  172  12:41  Barracks  
  172  12:42  Barracks  
  176  12:44  Barracks  
  176  12:45  Marine  
  176  12:49  Marine x2, Marauder  
  176  12:56  Marauder x2, Marine  
  171  13:03  Marine  
  171  13:05  Siege Tank  
  175  13:07  Marine x2  
  175  13:11  Marauder  
  179  13:14  Marine  
  180  13:20  Medivac  
  180  13:31  Supply Depot  
  180  13:32  Fusion Core  
  180  13:33  Medivac  
  180  13:34  Marine, Marauder x2  
  180  13:35  Terran Infantry Weapons Level 3  
  167  13:50  Medivac  
  167  13:51  Barracks Tech Lab x2  
  167  13:52  Marauder  
  167  13:54  Barracks Reactor  
  170  13:56  Marauder  
  170  13:59  Siege Tank, Marine  
  173  14:03  Terran Ship Weapons Level 2, Viking  
  173  14:07  Ghost  
  176  14:11  Marauder  
  171  14:17  Marine x2, Marauder  
  171  14:20  Viking, Marine x2  
  171  14:26  Ghost  
  171  14:27  Ghost  
  175  14:32  Ghost  
  175  14:37  Sensor Tower  
  177  14:40  Ghost  
  177  14:41  Ghost  
  174  14:47  Caduceus Reactor  
  174  14:50  Siege Tank  
  175  14:55  Ghost  
  175  14:56  Ghost  
  175  14:58  Marine  
  179  15:02  Marine x2  
  179  15:03  Marine  
  179  15:05  Liberator  
  176  15:10  Liberator  
  171  15:17  Ghost x2  
  177  15:21  Marauder  
  177  15:27  Marauder x2  
  172  15:35  Marine  
  162  15:36  Siege Tank  
  166  15:44  Marine  
  166  15:47  Marine x2  
  175  15:54  Marine  
  175  15:56  Advanced Ballistics  
  177  15:58  Missile Turret  
  168  16:06  Liberator  
  168  16:07  Liberator  
  168  16:08  Command Center  
  168  16:09  Siege Tank  
  175  16:19  Marine x11  
  175  16:22  Supply Depot  
  174  16:40  Marauder x4  
  174  16:43  Ghost  
  178  16:59  Marine  
  179  17:02  Marauder x2  
  182  17:12  Marauder x2  
  181  17:22  Orbital Command x2  
  181  17:29  Ghost  
  161  17:35  Marauder  
  138  17:46  Marauder x2  
  138  17:48  Marauder  
  140  17:57  Marauder  
  129  17:58  Marauder  
Show
View Real Time Build Order
Export as new Build Order

Krystianer Protoss - Winner!

Build Orders: 1 Gate Expand, Blink Stalkers 

Get SALT Encoding   

  12  0:00  Probe  
  13  0:12  Probe  
  14  0:17  Pylon  
  14  0:23  Probe  
  15  0:31  Probe  
  16  0:35  Gateway  
  16  0:39  Probe  
  16  0:44  Assimilator  
  17  0:51  Probe  
  18  1:03  Probe  
  19  1:15  Probe  
  20  1:20  Nexus  
  20  1:30  Cybernetics Core  
  20  1:34  Probe  
  20  1:38  Assimilator  
  21  1:46  Probe  
  22  1:48  Pylon  
  22  1:56  Adept  
  22  1:58  Probe  
  23  2:07  Warp Gate  
  25  2:10  Probe  
  26  2:16  Twilight Council  
  26  2:22  Probe  
  27  2:23  Stalker  
  27  2:26  Blink  
  29  2:32  Probe  
  29  2:34  Probe  
  31  2:41  Shield Battery  
  31  2:44  Probe  
  31  2:46  Probe  
  33  2:56  Probe  
  33  2:57  Stalker  
  34  2:58  Probe  
  34  3:03  Shield Battery  
  35  3:10  Probe  
  39  3:12  Probe  
  39  3:21  Gateway  
  39  3:23  Probe  
  39  3:25  Probe  
  41  3:29  Gateway  
  41  3:35  Probe  
  41  3:38  Robotics Facility, Probe  
  43  3:44  Pylon  
  43  3:47  Probe  
  44  3:55  Stalker  
  44  4:02  Probe  
  47  4:08  Probe  
  47  4:09  Nexus  
  48  4:18  Probe  
  48  4:23  Probe  
  48  4:30  Probe  
  49  4:33  Pylon  
  49  4:35  Probe  
  49  4:38  Assimilator  
  50  4:39  Observer  
  50  4:42  Probe, Stalker  
  50  4:45  Pylon  
  54  4:49  Assimilator  
  54  4:51  Probe  
  55  4:54  Probe  
  55  4:58  Observer  
  55  4:59  Stalker x2  
  61  5:03  Probe, Pylon  
  61  5:05  Stalker  
  61  5:06  Probe  
  65  5:10  Shield Battery  
  65  5:11  Probe  
  65  5:14  Probe  
  65  5:21  Probe  
  67  5:24  Robotics Bay, Probe, Forge  
  67  5:26  Probe  
  70  5:32  Probe  
  71  5:35  Probe  
  71  5:36  Charge  
  71  5:38  Stalker  
  71  5:39  Stalker  
  71  5:42  Probe  
  77  5:44  Probe  
  77  5:48  Probe  
  77  5:49  Protoss Ground Weapons Level 1  
  79  5:57  Probe  
  79  5:58  Gateway  
  79  5:59  Gateway  
  79  6:03  Colossus  
  80  6:06  Gateway  
  80  6:10  Probe, Stalker x2  
  85  6:17  Pylon  
  85  6:22  Gateway  
  86  6:35  Probe  
  86  6:37  Zealot x3  
  86  6:38  Probe  
  86  6:39  Probe  
  93  6:43  Pylon  
  91  6:50  Colossus  
  91  6:53  Gateway  
  91  6:55  Pylon  
  91  6:57  Zealot x4  
  99  7:03  Sentry  
  99  7:06  Extended Thermal Lance  
  106  7:10  Zealot  
  104  7:17  Zealot x5  
  104  7:21  Probe  
  115  7:23  Pylon  
  115  7:26  Zealot  
  115  7:31  Zealot  
  116  7:43  Colossus, Zealot x4  
  116  7:44  Zealot  
  114  7:47  Stalker  
  114  7:48  Probe  
  114  7:49  Protoss Ground Weapons Level 2  
  97  7:52  Stalker x2  
  97  7:54  Probe  
  82  8:04  Zealot x3  
  82  8:05  Probe  
  93  8:17  Sentry x2  
  97  8:21  Pylon  
  97  8:23  Colossus  
  97  8:27  Nexus  
  97  8:28  Probe x2  
  97  8:29  Probe  
  106  8:41  Stalker x2, Zealot x2  
  113  8:49  Zealot x3  
  113  8:53  Stalker  
  121  8:56  Robotics Facility  
  121  8:58  Probe  
  121  8:59  Probe x2  
  124  9:09  Zealot x2  
  128  9:10  Forge, Probe  
  128  9:13  Disruptor  
  127  9:19  Probe  
  127  9:22  Probe  
  131  9:36  Zealot x3  
  131  9:37  Protoss Ground Armor Level 1  
  131  9:38  Pylon  
  131  9:42  Pylon  
  131  9:45  Disruptor  
  127  9:46  Zealot x5  
  127  9:52  Colossus  
  127  10:01  Stalker x2  
  119  10:09  Disruptor, Zealot x6  
  125  10:14  Probe  
  125  10:15  Probe  
  117  10:25  Protoss Ground Weapons Level 3  
  121  10:34  Nexus, Zealot x2  
  121  10:35  Zealot x6  
  135  10:42  Pylon  
  133  10:45  Probe x2  
  135  10:51  Gateway, Disruptor, Probe  
  135  10:52  Gateway  
  135  10:56  Stalker x4  
  148  11:06  Zealot x4  
  148  11:08  Probe  
  148  11:09  Probe, Disruptor  
  162  11:22  Zealot x4  
  162  11:23  Pylon  
  170  11:30  Zealot x2  
  168  11:38  Zealot x2  
  164  11:40  Probe, Protoss Ground Armor Level 2  
  164  11:41  Disruptor  
  164  11:42  Stalker x4  
  164  11:44  Probe  
  172  11:47  Zealot x2  
  172  11:50  Probe  
  175  11:58  Probe  
  175  11:59  Zealot x4  
  183  12:06  Zealot x2  
  183  12:07  Probe  
  184  12:12  Zealot  
  184  12:13  Zealot x2  
  188  12:18  Colossus  
  186  12:36  Assimilator, Stalker x3  
  186  12:37  Zealot  
  194  12:38  Warp Prism  
  194  12:42  Nexus  
  184  13:00  Pylon  
  184  13:03  Stalker x3, Zealot x2  
  194  13:08  Probe  
  194  13:10  Pylon  
  195  13:18  Probe  
  196  13:21  Protoss Shields Level 1  
  196  13:22  Disruptor  
  188  13:33  Zealot x7  
  184  13:49  Stalker x3  
  184  13:51  Disruptor  
  190  13:57  Zealot x5  
  200  14:02  Gateway  
  200  14:05  Gateway  
  200  14:07  Colossus  
  174  14:23  Zealot x10  
  174  14:24  Probe x3  
  197  14:33  Probe  
  197  14:35  Gateway  
  197  14:37  Gateway  
  198  14:44  Nexus  
  192  14:53  Zealot x4  
  192  15:13  Zealot  
  192  15:14  Zealot x8, Colossus  
  200  15:27  Disruptor  
  158  15:36  Stalker x6, Zealot x8  
  158  15:41  Protoss Ground Armor Level 3  
  158  15:42  Protoss Shields Level 2  
  186  15:46  Probe x3  
  186  15:47  Probe  
  186  15:48  Probe  
  186  15:49  Probe  
  192  15:58  Stalker x4  
  192  15:59  Robotics Facility  
  198  16:21  Assimilator  
  198  16:23  Assimilator  
  198  16:25  Pylon  
  198  16:26  Nexus  
  194  16:38  Colossus  
  188  16:40  Colossus  
  160  16:59  Stalker  
  160  17:00  Zealot x13  
  165  17:20  Stalker x9  
  165  17:21  Zealot x4  
  191  17:28  Zealot  
  182  17:31  Observer  
  135  17:44  Observer  
  135  17:45  Zealot  
  135  17:46  Zealot x12  
  162  17:56  Probe  
  161  18:04  Probe  
  158  18:08  Zealot x14  
Tags
 
Add a new tag
Caveats
  • Supply blocks, unpowered buildings, or Contaminate may cause inaccurate times.
  • Supply counts are checked every 10 seconds.